 Dungeon Crawl Stone Soup version 0.21.1-1-g345015f (webtiles) character file.

1552967 NicuTudor the Slayer (level 27, 235/235 HPs)
             Began as a Mummy Fighter on July 11, 2018.
             Was an Initiate of Gozag.
             Escaped with the Orb
             ... and 3 runes on July 12, 2018!
             The game lasted 08:05:28 (88690 turns).

NicuTudor the Slayer (Mummy Fighter)               Turns: 88690, Time: 08:05:30

Health: 235/235    AC: 53    Str: 38    XL:     27
Magic:  34/35      EV: 18    Int:  8    God:    Gozag
Gold:   4921       SH: 22    Dex: 16    Spells: 16/42 levels left

rFire    + . .     SeeInvis +   a - +9 eveningstar (freeze)
rCold    + . .     Gourm    .   c - +5 shield {rF+}
rNeg     + + +     Faith    .   P - +8 crystal plate armour "Amita" {Regen+}
rPois    ∞         Spirit   .   t - +2 helmet {SInv}
rElec    +         Reflect  .   e - +3 cloak "Jyxkolan" {Str+5 Dex+3}
rCorr    +         Harm     .   h - +2 pair of gloves {Str+3}
MR       +++..                  J - +5 pair of boots "Peicwack" {Regen+}
Stlth    ..........             z - amulet of Ruemer {+Inv rElec Regen+}
HPRegen  1.69/turn              U - ring of protection from fire
MPRegen  0.24/turn              M - ring of resist corrosion

@: no status effects
A: no food or potions, fire vulnerability, cold resistance 1, negative energy
resistance 3, torment resistance, unbreathing, in touch with death 2
0: Orb of Zot
}: 3/15 runes: serpentine, barnacled, silver
a: Potion Petition, Call Merchant, Bribe Branch, Renounce Religion, Evoke
Invisibility


You escaped.
You worshipped Gozag.
Gozag was most pleased with you.
You were not hungry.

You visited 11 branches of the dungeon, and saw 53 of its levels.
You visited 1 bazaar.
You also visited: Bailey and Ice Cave.

You collected 32142 gold pieces.
You spent 10108 gold pieces at shops.
You paid 17113 gold pieces to Gozag.

Inventory:

Hand Weapons
 a - a +9 eveningstar of freezing (weapon)
Missiles
 l - 5 throwing nets (quivered) {!f@Q4}
 p - 11 steel javelins {@Q2}
 q - 11 javelins of penetration {@Q3}
 D - 12 javelins of returning {@Q1}
Armour
 c - a +5 shield of fire resistance (worn)
 e - the +3 cloak "Jyxkolan" (worn) {Str+5 Dex+3}
   (You found it on level 1 of the Snake Pit)

   It affects your strength (+5).
   It affects your dexterity (+3).
 h - a +2 pair of gloves of strength (worn)
 t - a +2 helmet of see invisible (worn)
 E - the +6 plate armour "Vimoxkoi" {rF+ Int+2 SInv}
   (You found it on level 5 of the Lair of Beasts)

   It affects your intelligence (+2).
   It protects you from fire.
   It lets you see invisible.
 J - the +5 pair of boots "Peicwack" (worn) {Regen+}
   (You found it on level 5 of the Vaults)

   It increases your rate of regeneration.
 P - the +8 crystal plate armour "Amita" (worn) {Regen+}
   (You bought it in a shop on level 1 of the Elven Halls)

   It increases your rate of regeneration.
Jewellery
 b - an uncursed ring of protection from magic
 d - an uncursed ring of flight
 f - an uncursed ring of protection from fire
 k - the brooch of Shielding {Reflect SH+8}
   (You found it on level 14 of the Dungeon)

   [amulet of reflection]

   It shields you and reflects attacks.
   It affects your SH (+8).
 o - a +3 ring of evasion
 z - the amulet of Ruemer (around neck) {+Inv rElec Regen+}
   (You found it on level 3 of the Crypt)

   [amulet of regeneration]

   It insulates you from electricity.
   It lets you turn invisible.
   It increases your rate of regeneration.
 C - a +4 ring of protection
 M - a ring of resist corrosion (right hand)
 U - a ring of protection from fire (left hand)
Wands
 i - a wand of paralysis (17)
 j - a wand of scattershot (4)
 m - a wand of digging (19)
 s - a wand of enslavement (44)
 K - a wand of disintegration (42)
 N - a wand of polymorph (24)
 O - a wand of acid (11)
 T - a wand of clouds (2)
 V - a wand of iceblast (4)
Scrolls
 g - a scroll of magic mapping
 r - 7 scrolls of identify
 u - 30 scrolls of remove curse
 v - 31 scrolls of teleportation {@r1!r}
 w - a scroll of blinking {@r2!r}
 G - 8 scrolls of enchant armour {!r}
 H - 10 scrolls of fog
 I - 5 scrolls of silence {!r}
 W - a scroll of torment {!r}
Miscellaneous
 n - a lamp of fire
 x - a lightning rod (4/4)
 B - a fan of gales
 Y - 2 sacks of spiders


   Skills:
 + Level 23.1 Fighting
 - Level 16.0 Maces & Flails
 - Level 10.0 Throwing
 + Level 19.3 Armour
 - Level 17.0 Dodging
 - Level 17.0 Shields
 - Level 8.0 Spellcasting
 - Level 5.1 Hexes
 - Level 5.0 Charms
 - Level 4.0 Summonings
 - Level 6.0 Translocations
 - Level 4.0 Transmutations
 - Level 1.0 Air Magic
 - Level 6.0 Earth Magic
 - Level 7.1 Evocations


You had 16 spell levels left.
You knew the following spells:

 Your Spells              Type           Power        Failure   Level  Hunger
b - Blink                 Tloc           N/A          16%         2    N/A
c - Confuse               Hex            ##......     41%         3    N/A
f - Swiftness             Chrm/Air       #.......     47%         2    N/A
t - Tukima's Dance        Hex            ##......     41%         3    N/A
u - Dispel Undead         Necr           #.......     100%        5    N/A
v - Lesser Beckoning      Tloc           ##........   30%         3    N/A
w - Spectral Weapon       Hex/Chrm       ##......     41%         3    N/A
z - Passwall              Tmut/Erth      ##........   24%         2    N/A
F - Summon Butterflies    Summ           #.......     24%         1    N/A
S - Song of Slaying       Chrm           ##......     24%         2    N/A

Dungeon Overview and Level Annotations

Branches:
Dungeon (15/15)            Temple (1/1) D:6            Lair (6/6) D:8
 Shoals (4/4) Lair:4        Snake (4/4) Lair:4        Slime (0/5) Lair:5
    Orc (2/2) D:12            Elf (3/3) Orc:2        Vaults (5/5) D:13
  Crypt (3/3) Vaults:3       Tomb (0/3) Crypt:3      Depths (5/5) D:15
    Zot (5/5) Depths:5

Altars:
Ashenzari
Cheibriados
Dithmenos
Elyvilon
Fedhas
Gozag
Hepliaklqana
Kikubaaqudgha
Makhleb
Nemelex Xobeh
Okawaru
Qazlal
Ru
Sif Muna
Trog
Uskayaw
Vehumet
Wu Jian
Xom
Yredelemnul
Zin
The Shining One

Shops:
D:4 *   D:14 (   D:15 [?   Orc:1 ?[**=   Orc:2 (([}   Elf:1 =[[!   Elf:2 *
Lair:1 =   Shoals:1 (   Shoals:2 *   Snake:1 ==   Vaults:3 %   Depths:1 (:
Depths:4 [

Portals:
Hell: Depths:1 Depths:2 Depths:3 Depths:4 Depths:5
Abyss: Depths:4
Pandemonium: Depths:1 Depths:3
Ziggurat: Depths:1
Trove: Depths:4 (give +7 demon whip)

Annotations:
Snake:2 exclusion: Roxanne, Roxanne
Elf:2 3 runed doors
Zot:5 1 exclusion


Innate Abilities, Weirdness & Mutations

You do not eat or drink.
Your flesh is vulnerable to fire.
You are immune to poison.
Your flesh is cold resistant. (rC+)
You are immune to negative energy. (rN+++)
You are immune to unholy pain and torment.
You can survive without breathing.
You are strongly in touch with the powers of death.


Message History

You now have 4914 gold pieces (gained 5).
A shadow imp comes into view.
There is a stone staircase leading up here.
You closely miss the shadow imp. The shadow imp misses you.
You puncture the shadow imp!
You kill the shadow imp!
No target in view!
You now have 4921 gold pieces (gained 7).
There is a stone staircase leading up here.
You climb upwards.
There is a stone staircase leading down here.
A rust devil comes into view.
The rust devil is distracted by your gold.
Casting: Passwall
Confirm with . or Enter, or press ? or * to list all spells.
Which direction?
The rust devil screeches!
You begin to meditate on the wall.
You continue meditating on the rock. x2
You finish merging with the rock.
You have escaped!

### ### #.# #.#
#####.#########.#
#.....†.........#
###########.###.#
#≈≈≈≈≈≈.@##.# #.#
#≈≈≈≈%.###..###.#
#P≈≈≈≈.≈##...##.#########
#≈≈≈≈≈≈.##...............
#≈≈≈≈≈.≈##...##..########
#P≈≈≈≈.###...##..########
#P≈≈≈≈≈.##.4.............
#P≈≈≈≈≈≈.#.......######..
#≈≈≈≈≈≈.P#..##.....####..


There were no monsters in sight!

Vanquished Creatures
  An orb of fire (Zot:1)
  Mennas (Depths:3)
  5 ancient liches
  Bai Suzhen (Snake:4)
  The ghost of poirepourri the Executioner, a veteran MiFi of Makhleb (Zot:5)
  Boris (Crypt:1)
  2 Killer Klowns
  Saint Roka (Vaults:1)
  Xtahua (Crypt:1)
  5 caustic shrikes (Depths:5)
  Vashnia (Snake:2)
  12 golden dragons
  3 bone dragons
  Nikola (Snake:3)
  Jory (Vaults:3)
  An electric golem (Zot:5)
  The ghost of Pad the Alchemist, an adept MfTm of Sif Muna (Vaults:1)
  The ghost of diana the Brawler, an adept TrMo of Okawaru (Shoals:4)
  14 tentacled monstrosities
  16 Orb Guardians
  The ghost of poxu the Warrior, an adept CeAM of Elyvilon (Shoals:4)
  The ghost of emiel the Impaler, an adept NaBe of Trog (Shoals:3)
  2 deep elf blademasters
  The ghost of dvd the Sorcerer, an adept DEFE of Vehumet (Depths:1)
  7 liches
  8 quicksilver dragons
  2 deep elf master archers (Elf:3)
  6 titans
  Asterion (Snake:1)
  Frances (Shoals:1)
  10 death cobs
  The ghost of poirepourri the Warrior, an adept MiFi of Makhleb (Shoals:1)
  The ghost of spiff the Scorcher, an adept DrCj of Vehumet (Snake:2)
  An eldritch tentacle (Depths:1)
  19 storm dragons
  2 ancient champions (Crypt:2)
  6 tengu reavers (Vaults:5)
  7 sphinxes
  15 shadow dragons
  9 draconian monks
  2 thorn hunters (Depths:2)
  The ghost of poirepourri the Peltast, an adept MiFi of Makhleb (Snake:1)
  Ilsuiw (Shoals:4)
  9 fire giants
  2 draconian knights
  9 nagarajas
  13 vault wardens
  Aizul (Crypt:1)
  An iron dragon (Depths:1)
  7 draconian scorchers
  2 ghost moths
  11 frost giants
  6 deep elf sorcerers
  3 draconian stormcallers
  A curse skull (Crypt:1)
  3 draconian shifters
  7 deep elf elementalists (Elf:3)
  Louise (Elf:2)
  8 war gargoyles
  An entropy weaver (Vaults:5)
  12 ironheart preservers
  4 draconian annihilators
  A caustic shrike skeleton (Crypt:2)
  A spriggan defender (Depths:3)
  13 very ugly things
  11 stone giants
  6 deep elf annihilators
  7 deep elf demonologists
  A lorocyproca (Depths:1)
  9 vampire knights
  6 green draconians
  6 spark wasps (Depths:3)
  8 white draconians
  5 purple draconians
  11 black draconians
  7 red draconians
  4 yellow draconians
  4 crystal guardians
  9 ettins
  5 death oozes (Crypt:1)
  16 fire dragons
  A blizzard demon (Depths:4)
  7 deep elf death magi
  3 eidola
  4 merfolk javelineers
  8 jiangshi
  13 ogre magi
  7 great orbs of eyes
  8 merfolk impalers
  Erolcha (D:9)
  19 yaktaur captains
  3 deep elf high priests
  2 quicksilver dragon zombies
  9 hydras
  Harold (Lair:1)
  13 naga warriors
  8 ice dragons
  16 anacondas
  3 merfolk avatars
  5 spriggan air magi
  33 vault guards
  10 centaur warriors
  6 catoblepae
  3 merfolk aquamancers
  2 alligators (Depths:2)
  An anaconda (shapeshifter) (Vaults:3)
  37 two-headed ogres
  8 rakshasas
  2 alligator snapping turtles (Shoals:4)
  5 death knights
  A death yak (shapeshifter) (Vaults:3)
  9 deep troll shamans
  6 tengu warriors
  A satyr (Shoals:2)
  4 vampire magi
  Urug (D:13)
  A shock serpent (Snake:3)
  15 death yaks
  6 orc high priests (Orc:2)
  6 deep troll earth magi
  5 soul eaters
  A titan zombie (Crypt:3)
  8 spriggan berserkers
  8 naga sharpshooters
  21 deep elf knights
  A titan skeleton (Crypt:3)
  The ghost of olivier the Twirler, a novice MiFi of Makhleb (D:8)
  2 shadow wraiths (Vaults:3)
  22 hell knights
  3 salamander mystics (Depths:4)
  22 skeletal warriors
  8 iron trolls
  An unseen horror (shapeshifter) (Depths:1)
  3 naga ritualists
  2 deep trolls (shapeshifter)
  2 storm dragon skeletons
  9 sea snakes
  2 death drakes
  3 swamp dragons (Depths:2)
  7 flayed ghosts
  29 deep trolls
  6 unseen horrors
  A golden dragon skeleton (Crypt:2)
  An obsidian statue (Zot:5)
  2 golden dragon zombies (Crypt:3)
  10 wizards
  A lindwurm (Lair:5)
  12 necromancers
  16 deep elf archers
  3 glowing orange brains
  9 phantasmal warriors
  A harpy (shapeshifter) (Vaults:2)
  18 harpies
  15 ironbrand convokers
  8 mana vipers
  16 orc knights
  13 fauns
  4 orc sorcerers
  4 wolf spiders
  18 manticores
  A shining eye (Snake:3)
  67 deep elf magi
  5 cyclopes
  A shadow dragon skeleton (Crypt:1)
  A cyclops (shapeshifter) (Vaults:5)
  3 elephants (Lair:6)
  36 ugly things
  10 merfolk sirens
  14 guardian serpents
  2 rust devils (Depths:1)
  18 salamanders
  A frost giant skeleton (Crypt:2)
  Maurice (D:12)
  19 moths of wrath
  2 fire giant skeletons
  5 water nymphs
  2 ice statues (Depths:4)
  25 black mambas
  6 vault sentinels
  3 gargoyles
  A shock serpent skeleton (Crypt:2)
  18 naga magi
  5 centaur skeletons
  7 spiny frogs
  3 torpor snails (Lair:5)
  3 kobold demonologists
  A rime drake (Lair:6)
  2 efreet (D:15)
  45 yaktaurs
  12 freezing wraiths
  A yaktaur (shapeshifter) (D:15)
  3 hellwings
  5 ice devils
  A spark wasp simulacrum (Depths:3)
  2 tengu conjurers
  3 komodo dragons
  A harpy zombie (D:14)
  A red devil (Depths:1)
  A meliai (shapeshifter) (D:15)
  4 wind drakes
  7 trolls
  2 merfolk (shapeshifter)
  3 meliai
  A polar bear (Lair:3)
  2 wind drakes (shapeshifter)
  26 merfolk
  A jumping spider (Depths:1)
  A death drake skeleton (Crypt:2)
  A harpy skeleton (Crypt:3)
  A hornet (shapeshifter) (D:15)
  8 hornets
  A moth of wrath zombie (Crypt:2)
  27 slime creatures
  9 dream sheep
  A human simulacrum (Vaults:3)
  A snapping turtle (shapeshifter) (Depths:3)
  A hydra skeleton (Crypt:2)
  5 hippogriffs
  13 blink frogs
  A raiju (shapeshifter) (D:15)
  An ettin zombie (Crypt:1)
  A dream sheep (shapeshifter) (Vaults:5)
  2 fire dragon skeletons (Crypt:3)
  A fire giant simulacrum (Crypt:2)
  5 snapping turtles
  32 flying skulls
  8 redbacks
  A satyr skeleton (Crypt:1)
  17 water elementals
  A redback (shapeshifter) (D:15)
  4 basilisks
  3 shadows
  3 spriggans
  12 air elementals
  4 fire elementals
  2 wyverns
  6 wraiths
  An elf simulacrum (Depths:3)
  25 yaks
  A hog (Depths:1)
  4 hungry ghosts
  A yellow draconian simulacrum (Crypt:1)
  The ghost of w0lly the Chopper, an amateur DsBe of Trog (D:3)
  Grum (Lair:1)
  2 neqoxecs (Depths:1)
  34 centaurs
  8 wargs
  Menkaure (D:8)
  A swamp worm (shapeshifter) (Depths:3)
  5 vampire mosquitoes
  5 insubstantial wisps (Depths:1)
  A merfolk zombie (Crypt:3)
  An acid dragon (shapeshifter) (Depths:2)
  2 spatial vortices (Depths:1)
  5 swamp worms (Depths:2)
  53 nagas
  9 water moccasins
  A water moccasin (shapeshifter) (Vaults:5)
  An acid dragon (D:14)
  A two-headed ogre skeleton (Crypt:1)
  A floating eye (shapeshifter) (Vaults:5)
  8 porcupines
  50 orc warriors
  A snapping turtle zombie (Crypt:1)
  3 black bears
  An elephant zombie (Crypt:1)
  14 ice beasts
  3 phantoms
  5 sky beasts
  A black bear (shapeshifter) (Depths:3)
  A hornet zombie (D:14)
  9 necrophages
  3 eyes of draining
  A wolf (shapeshifter) (Depths:1)
  A swamp dragon skeleton (Crypt:1)
  41 ogres
  An ogre (shapeshifter) (Depths:1)
  8 wolves
  9 boggarts
  A centaur (shapeshifter) (D:15)
  6 crocodiles
  11 big kobolds
  11 bullfrogs
  A hippogriff zombie (Crypt:2)
  7 earth elementals
  A wyvern zombie (D:15)
  A yaktaur skeleton (Crypt:1)
  A draconian skeleton (Crypt:2)
  A cyclops skeleton (Crypt:2)
  3 scorpions
  A howler monkey (D:6)
  9 killer bees (D:8)
  A troll skeleton (Crypt:2)
  4 wights (D:15)
  A vampire bat (Depths:1)
  10 crimson imps
  A quasit (D:2)
  2 bullfrog zombies
  2 centaur zombies
  7 hounds
  4 bullfrog skeletons
  5 jellies
  24 orc wizards
  A gnoll shaman (D:4)
  33 orc priests
  4 iron imps
  Ijyb (D:3)
  4 iguanas
  Natasha (thrice) (D:3)
  12 worker ants
  3 hell rats (D:14)
  An ogre zombie (Crypt:3)
  A sky beast zombie (Crypt:1)
  An ogre skeleton (Crypt:3)
  A hound skeleton (D:5)
  A worker ant zombie (D:8)
  12 gnolls
  15 adders
  7 shadow imps
  13 white imps
  3 oozes
  An adder zombie (D:5)
  2 adder skeletons
  2 worms
  2 dart slugs
  2 leopard geckos
  100 orcs
  3 giant cockroaches
  6 goblins
  3 hobgoblins
  13 jackals
  38 kobolds
  5 quokkas
  4 ball pythons
  3 bats
  6 frilled lizards
  A jackal zombie (D:9)
  A kobold zombie (Crypt:1)
  4 quokka skeletons
  11 rats
  A briar patch (Depths:2)
  3 fungi
  18 plants
2353 creatures vanquished.

Vanquished Creatures (collateral kills)
  2 orbs of fire (Zot:5)
  Mara (Snake:3)
  An ancient lich (Zot:5)
  A Killer Klown (Zot:5)
  An electric golem (Zot:5)
  12 Orb Guardians (Zot:5)
  A draconian monk (Zot:5)
  A white draconian (Zot:4)
  A spark wasp (Depths:3)
  A yellow draconian (Zot:4)
  2 purple draconians
  A two-headed ogre (Vaults:4)
  An ogre mage (Vaults:4)
  A deep troll (Depths:3)
  A wizard (Depths:4)
  A naga ritualist (Snake:4)
  An obsidian statue (Zot:5)
  A deep elf mage (Elf:1)
  2 harpies (Shoals:4)
  2 moths of wrath (Zot:3)
  A tormentor (Zot:5)
  An ogre (Vaults:4)
  A bullfrog (D:7)
38 creatures vanquished.

Vanquished Creatures (others)
  An ancient lich (Zot:5)
  An orb of fire (Zot:5)
  An Orb Guardian (Zot:5)
  A quicksilver dragon (Zot:5)
  Polyphemus (Shoals:3)
  A draconian monk (Zot:4)
  A draconian scorcher (Zot:5)
  A very ugly thing (Depths:3)
  A spriggan defender (Depths:3)
  2 stone giants
  A black draconian (Zot:5)
  2 white draconians
  A purple draconian (Zot:5)
  A red draconian (Zot:5)
  A yellow draconian (Zot:5)
  A spark wasp (Depths:3)
  3 merfolk javelineers
  A merfolk impaler (Shoals:4)
  2 yaktaur captains
  A merfolk aquamancer (Shoals:4)
  2 two-headed ogres (Vaults:4)
  25 dancing weapons
  A satyr (Shoals:4)
  3 death yaks (Lair:5)
  5 naga sharpshooters
  A shock serpent (Snake:4)
  A deep elf knight (Elf:1)
  A sea snake (Shoals:3)
  4 deep elf archers
  2 glowing orange brains
  A harpy (Shoals:4)
  A cyclops (D:15)
  4 deep elf magi
  A manticore (Shoals:4)
  4 fauns (Shoals:3)
  A vault sentinel (Vaults:2)
  13 yaktaurs
  4 merfolk
  A basilisk (D:15)
  An ogre (D:7)
  3 boggarts
  7 centaurs
  A white imp (Depths:1)
  2 briar patches (Depths:2)
  11 fungi
  20 plants
  3 spectral weapons (Zot:5)
  6 withered plants (Crypt:1)
154 creatures vanquished.

Grand Total: 2545 creatures vanquished

Notes
Turn   | Place    | Note
-------+----------+-------------------------------------------
     0 | D:1      | NicuTudor the Mummy Fighter began the quest for the Orb.
     0 | D:1      | Reached XP level 1. HP: 18/18 MP: 1/1
   256 | D:1      | Reached XP level 2. HP: 24/24 MP: 2/2
  1031 | D:2      | Reached XP level 3. HP: 29/29 MP: 3/3
  1358 | D:2      | Reached XP level 4. HP: 34/35 MP: 4/4
  2093 | D:2      | @@@Hehe
  2370 | D:3      | Noticed Ijyb
  2372 | D:3      | Noticed w0lly's ghost (amateur DsBe)
  2642 | D:3      | @@@Bici electric,Ijyb(para10) si fantoma
  3019 | D:3      | Killed w0lly's ghost
  3019 | D:3      | Reached skill level 5 in Maces & Flails
  3019 | D:3      | Reached XP level 5. HP: 32/41 MP: 5/5
  3029 | D:3      | Paralysed by Ijyb for 4 turns
  3136 | D:3      | Killed Ijyb
  3136 | D:3      | Reached XP level 6. HP: 47/47 MP: 6/6
  3140 | D:3      | @@@Nenorocitu imi consuma 5 incarcaturi!
  3318 | D:3      | Noticed Natasha
  3326 | D:3      | Killed Natasha
  3480 | D:3      | Noticed Natasha
  3491 | D:3      | Killed Natasha
  3491 | D:3      | Reached skill level 1 in Dodging
  3558 | D:3      | Noticed Natasha
  3580 | D:3      | Killed Natasha
  3580 | D:3      | Reached skill level 1 in Evocations
  3958 | D:4      | Found Waell's Serpentskin Sales.
  3958 | D:4      | Noticed a water moccasin
  3971 | D:4      | Killed a water moccasin
  3971 | D:4      | Reached XP level 7. HP: 45/52 MP: 8/8
  4012 | D:4      | Bought 17 poisoned needles for 68 gold pieces
  4012 | D:4      | Bought a +0 blowgun for 25 gold pieces
  4016 | D:4      | @@@Mini vaulta:magazin otravuri + serpi
  5013 | D:5      | Entered Level 5 of the Dungeon
  5344 | D:5      | Reached skill level 4 in Fighting
  5345 | D:5      | @@@Abuzez de /para(mai am 10).
  5484 | D:4      | @@@6
  5529 | D:4      | Reached XP level 8. HP: 60/60 MP: 9/9
  6131 | D:6      | Found a bloodstained altar of Trog.
  6196 | D:6      | Noticed Menkaure
  6345 | D:6      | Reached skill level 5 in Fighting
  6565 | D:6      | Found a staircase to the Ecumenical Temple.
  6578 | Temple   | Entered the Ecumenical Temple
  6689 | Temple   | Became a worshipper of Gozag Ym Sagoz the Greedy
  7939 | D:7      | Reached skill level 5 in Shields
  7943 | D:7      | @@@Uf..
  8169 | D:7      | Reached XP level 9. HP: 68/68 MP: 10/10
  8216 | D:7      | Found a basalt altar of Yredelemnul.
  8348 | D:7      | Noticed a komodo dragon
  8355 | D:7      | Killed a komodo dragon
  8490 | D:8      | Found a staircase to the Lair.
  8536 | Lair:1   | Entered Level 1 of the Lair of Beasts
  9248 | D:8      | Found a sparkling altar of Nemelex Xobeh.
  9248 | D:8      | Found a shimmering altar of Xom.
  9379 | D:8      | Noticed a yaktaur captain
  9610 | D:7      | Reached skill level 6 in Fighting
  9796 | D:8      | @@@Imi trebuie 15 AC si 1200g.
  9866 | D:9      | Noticed Erolcha
  9879 | D:9      | @@@Erolcha are para(33%) si fireball.
 10134 | D:9      | @@@Scarile sus sint apropiate.
 10175 | D:9      | Noticed a troll
 10178 | D:9      | Reached XP level 10. HP: 61/77 MP: 11/11
 10306 | D:10     | Entered Level 10 of the Dungeon
 10713 | D:9      | @@@E complicat..
 10733 | D:9      | Reached skill level 5 in Armour
 10763 | D:8      | Noticed a two-headed ogre
 10769 | D:9      | Reached skill level 7 in Fighting
 12160 | D:11     | Noticed a skeletal warrior
 12160 | D:11     | Noticed a skeletal warrior
 12160 | D:11     | Noticed a skeletal warrior
 12673 | D:11     | Noticed an unseen horror
 12694 | D:11     | Killed an unseen horror
 13009 | D:11     | Noticed a centaur warrior
 13025 | D:11     | Killed a centaur warrior
 13025 | D:11     | Reached XP level 11. HP: 65/86 MP: 12/12
 13689 | D:12     | Found a frozen archway.
 13767 | IceCv    | Entered an ice cave
 13812 | IceCv    | Reached skill level 5 in Dodging
 14029 | IceCv    | Noticed a white ugly thing
 14142 | D:12     | @@@Nu prea gasii armura auxiliara.
 14992 | D:12     | Found a staircase to the Orcish Mines.
 15088 | D:12     | Noticed a two-headed ogre
 15584 | D:8      | Noticed olivier's ghost (novice MiFi)
 15662 | D:8      | Killed olivier's ghost
 15662 | D:8      | Reached skill level 10 in Maces & Flails
 15808 | D:8      | Killed a yaktaur captain
 15808 | D:8      | Reached skill level 8 in Fighting
 15984 | D:8      | Killed a two-headed ogre
 16337 | D:8      | Killed Menkaure
 16467 | D:8      | Reached skill level 9 in Fighting
 16521 | D:8      | Noticed a two-headed hydra
 16539 | D:8      | Killed a one-headed hydra
 16870 | Lair:1   | Reached XP level 12. HP: 95/95 MP: 13/13
 16978 | Lair:1   | Noticed Grum
 17011 | Lair:1   | Killed Grum
 17612 | Lair:1   | Noticed Harold
 17634 | Lair:1   | Killed Harold
 18259 | Lair:2   | Learned a level 2 spell: Swiftness
 18277 | Lair:2   | Reached skill level 10 in Fighting
 19280 | Lair:3   | Noticed an eight-headed hydra
 19303 | Lair:2   | HP: 24/97 [eight-headed hydra (10)]
 19307 | Lair:2   | Killed an eight-headed hydra
 20643 | Lair:3   | Learned a level 1 spell: Summon Butterflies
 21024 | Lair:4   | Found a staircase to the Snake Pit.
 21217 | Lair:4   | Found a staircase to the Shoals.
 21401 | Lair:4   | Identified the +8 flail of Chagrin {freeze, +Rage rF+ Int+3 Dex+2} (You found it on level 4 of the Lair of Beasts)
 22188 | Lair:5   | Noticed a five-headed hydra
 22195 | Lair:4   | Killed a five-headed hydra
 22268 | Lair:5   | Identified the +6 plate armour "Vimoxkoi" {rF+ Int+2 SInv} (You found it on level 5 of the Lair of Beasts)
 22393 | Lair:5   | Found a staircase to the Slime Pits.
 22472 | Lair:5   | Found the +4 skin of Zhor {rC+++}
 22522 | Lair:5   | Identified the +5 scale mail "Leseur" {rElec Regen+ Slay-5 SInv} (You found it on level 5 of the Lair of Beasts)
 22645 | Lair:5   | Found a snail-covered altar of Cheibriados.
 22658 | Lair:5   | Gained mutation: You are in touch with the powers of death. [Mummy growth]
 22658 | Lair:5   | Reached XP level 13. HP: 82/103 MP: 14/14
 22764 | Lair:5   | Reached skill level 10 in Shields
 23542 | Lair:6   | Entered Level 6 of the Lair of Beasts
 23944 | Lair:6   | @@@L imi rezolva toate problemele.
 24121 | Lair:6   | Got a wavering steel ring
 24122 | Lair:6   | Identified the ring "Pekhlizan" {*Tele rN+ Str+6} (You found it on level 6 of the Lair of Beasts)
 25192 | Lair:6   | Identified the +7 broad axe "Goevouz" {freeze, rF+ rC- Str+6} (You found it on level 6 of the Lair of Beasts)
 25418 | Lair:1   | Bought an uncursed ring of protection from fire for 425 gold pieces
 25566 | D:9      | Killed Erolcha
 25566 | D:9      | Reached XP level 14. HP: 101/110 MP: 15/15
 26604 | D:12     | @@@Trecui de la o extrema la alta.
 26694 | D:13     | Found a flagged portal.
 26703 | Bailey   | Entered a bailey
 26929 | Bailey   | Reached skill level 1 in Throwing
 27029 | Bailey   | Found a bloodstained altar of Trog.
 27176 | D:13     | Reached skill level 10 in Armour
 27242 | D:13     | Found a gate to the Vaults.
 27383 | D:13     | Noticed Urug
 27417 | D:13     | Killed Urug
 27417 | D:13     | Reached skill level 5 in Throwing
 27510 | D:13     | Identified a scroll of acquirement
 27668 | D:13     | Learned a level 2 spell: Passwall
 28800 | D:14     | Found an iron altar of Okawaru.
 28882 | D:14     | Found Aphuozas's Weapon Shoppe.
 28889 | D:14     | Found the brooch of Shielding {Reflect SH+8}
 29388 | D:15     | Entered Level 15 of the Dungeon
 29660 | D:15     | Reached skill level 11 in Fighting
 29864 | D:14     | Reached XP level 15. HP: 102/119 MP: 17/17
 30106 | D:15     | Found Ohoimaf's Antique Armour Emporium.
 30313 | D:15     | Bought a runed cloak for 307 gold pieces
 30894 | D:15     | Reached skill level 12 in Fighting
 30952 | D:15     | Found a staircase to the Depths.
 31321 | Orc:1    | Entered Level 1 of the Orcish Mines
 31321 | Orc:1    | Noticed Maurice
 31332 | D:12     | Killed Maurice
 31543 | Orc:1    | Found Ymuarr's Magic Scroll Emporium.
 31551 | Orc:1    | Bought a scroll of teleportation for 39 gold pieces
 31551 | Orc:1    | Bought a scroll of identify for 26 gold pieces
 31551 | Orc:1    | Bought a scroll of enchant weapon for 97 gold pieces
 31551 | Orc:1    | Bought a scroll of identify for 26 gold pieces
 31551 | Orc:1    | Bought a scroll of identify for 26 gold pieces
 31551 | Orc:1    | Bought a scroll of teleportation for 39 gold pieces
 31709 | Orc:1    | Found Aperhiem's General Store.
 31795 | Orc:1    | Bought a scroll of identify for 22 gold pieces
 31809 | Orc:1    | Found Keng's Assorted Antiques.
 31818 | Orc:1    | Bought a bronze ring for 130 gold pieces
 31818 | Orc:1    | Bought a scroll of blinking for 195 gold pieces
 31818 | Orc:1    | Bought a scroll of teleportation for 78 gold pieces
 31918 | Orc:1    | Found Edicwin's Jewellery Emporium.
 32009 | Orc:2    | Entered Level 2 of the Orcish Mines
 32030 | Orc:1    | Found Kiteog's Antique Armour Shop.
 32056 | Orc:1    | You fall through a shaft!
 32069 | Orc:2    | Found a staircase to the Elven Halls.
 34182 | Orc:2    | Found Veyfygg's Antique Weapon Shop.
 34182 | Orc:2    | Found Usifick's Antique Weapon Shop.
 34183 | Orc:2    | Found Quwnuec's Gadget Shop.
 34183 | Orc:2    | Found Suxkuzxius's Antique Armour Boutique.
 34220 | Orc:2    | Bought a runed helmet for 262 gold pieces
 34290 | Orc:1    | Bought an embroidered scarf for 144 gold pieces
 34336 | Orc:1    | Bought a +4 ring of protection for 540 gold pieces
 34408 | Orc:2    | Bought a wand of polymorph (17) for 323 gold pieces
 34764 | Orc:1    | Bought a scroll of vulnerability for 97 gold pieces
 34990 | Snake:1  | Entered Level 1 of the Snake Pit
 35315 | Snake:1  | Identified the +3 cloak "Jyxkolan" {Str+5 Dex+3} (You found it on level 1 of the Snake Pit)
 35373 | Snake:1  | Noticed poirepourri's ghost (adept MiFi)
 35457 | Snake:1  | Killed poirepourri's ghost
 36014 | Snake:1  | Noticed Asterion
 36026 | Snake:1  | Killed Asterion
 36097 | Snake:1  | Found Feint's Gadget Shoppe.
 36097 | Snake:1  | Found Engiac's Jewellery Shop.
 36098 | Snake:1  | Found Elefreid's Jewellery Shop.
 36248 | Snake:2  | Reached skill level 5 in Evocations
 36665 | Snake:2  | Reached XP level 16. HP: 111/127 MP: 20/20
 36842 | Snake:2  | Noticed spiff's ghost (adept DrCj)
 36929 | Snake:2  | Killed spiff's ghost
 37046 | Snake:2  | Noticed Roxanne
 37215 | Snake:2  | Noticed Vashnia
 37302 | Snake:2  | Killed Vashnia
 37903 | Snake:3  | Noticed Nikola
 37961 | Snake:3  | Killed Nikola
 38965 | Snake:4  | Entered Level 4 of the Snake Pit
 38965 | Snake:4  | Noticed Mara
 38973 | Snake:4  | Noticed NicuTudor's illusion
 38984 | Snake:3  | Killed Mara
 40167 | Snake:4  | Noticed Bai Suzhen
 40199 | Snake:4  | Killed Bai Suzhen
 40199 | Snake:4  | Reached XP level 17. HP: 130/133 MP: 22/22
 41158 | Snake:4  | Reached skill level 15 in Maces & Flails
 41680 | Snake:4  | Got a serpentine rune of Zot
 42372 | Orc:1    | Bought an ancient plate armour for 504 gold pieces
 42374 | Orc:1    | Identified the +7 plate armour of Wuhac {-Tele Dex+6} (You bought it in a shop on level 1 of the Orcish Mines)
 42685 | Shoals:1 | Entered Level 1 of the Shoals
 42685 | Shoals:1 | Found Miorar's Weapon Boutique.
 43022 | Shoals:1 | Noticed poirepourri's ghost (adept MiFi)
 43080 | Shoals:1 | Killed poirepourri's ghost
 43496 | Shoals:1 | Noticed Frances
 43518 | Shoals:1 | Killed Frances
 44366 | Shoals:2 | Reached XP level 18. HP: 132/140 MP: 23/23
 44639 | Shoals:2 | Found Autueczu's Alliterative Accessories.
 44763 | Shoals:2 | Reached skill level 15 in Shields
 45462 | Shoals:3 | Noticed Polyphemus
 45731 | Shoals:3 | Killed Polyphemus
 45863 | Shoals:3 | Noticed emiel's ghost (adept NaBe)
 46213 | Shoals:3 | Killed emiel's ghost
 47296 | Shoals:4 | Entered Level 4 of the Shoals
 47296 | Shoals:4 | Noticed poxu's ghost (adept CeAM)
 47297 | Shoals:4 | @@@Multe fantome
 47348 | Shoals:4 | Killed poxu's ghost
 47365 | Shoals:4 | Noticed Ilsuiw
 47395 | Shoals:4 | Killed Ilsuiw
 47991 | Shoals:4 | Found a stormy altar of Qazlal.
 48164 | Shoals:4 | Noticed diana's ghost (adept TrMo)
 48243 | Shoals:4 | Killed diana's ghost
 48601 | Shoals:4 | Learned a level 3 spell: Spectral Weapon
 48604 | Shoals:4 | Learned a level 2 spell: Song of Slaying
 49339 | Shoals:4 | Got a barnacled rune of Zot
 49627 | Shoals:2 | Bought a scroll of acquirement for 988 gold pieces
 49632 | Shoals:2 | Identified the +0 morningstar of Tiloijos {crush, rN+} (You acquired it on level 2 of the Shoals)
 49635 | Shoals:2 | @@@Eh..
 49946 | Vaults:1 | Entered Level 1 of the Vaults
 50364 | Vaults:1 | Noticed Saint Roka
 50716 | Vaults:1 | Killed Saint Roka
 50716 | Vaults:1 | Reached XP level 19. HP: 108/146 MP: 24/24
 51726 | Vaults:1 | Noticed Pad's ghost (adept MfTm)
 51749 | Vaults:1 | Killed Pad's ghost
 52673 | Vaults:2 | Found a flickering gateway to a bazaar.
 52688 | Bazaar   | Entered a bazaar
 52688 | Bazaar   | Found Noutt's Antique Weapon Shoppe.
 52688 | Bazaar   | Found Jerour's Antique Armour Shoppe.
 52688 | Bazaar   | Found Muduwk's Armour Emporium.
 52690 | Bazaar   | Found Owkeagge's Antique Armour Emporium.
 52708 | Bazaar   | Bought a shiny shield for 165 gold pieces
 52708 | Bazaar   | Bought a pair of runed boots for 165 gold pieces
 52715 | Bazaar   | @@@Armura completa(36).
 52753 | Bazaar   | Bought a +1 pair of gloves for 115 gold pieces
 52769 | Bazaar   | Bought a runed morningstar for 161 gold pieces
 52785 | Bazaar   | Bought a jacinth-encrusted scale mail for 198 gold pieces
 52786 | Bazaar   | Identified the cursed +1 scale mail "Bisam" {rC- Int+2 Dex+4} (You bought it in a shop in a bazaar)
 54127 | Vaults:3 | Noticed a Brimstone Fiend
 54403 | Vaults:3 | Found Vodwumpe's Food Shoppe.
 54449 | Vaults:3 | Found a staircase to the Crypt.
 54449 | Vaults:3 | Found a basalt altar of Yredelemnul.
 54450 | Vaults:3 | Found an ancient bone altar of Kikubaaqudgha.
 54624 | Vaults:3 | Noticed Jory
 54772 | Vaults:3 | Killed Jory
 55050 | Vaults:3 | Reached skill level 13 in Fighting
 56321 | Vaults:3 | Reached XP level 20. HP: 110/156 MP: 25/25
 56592 | Vaults:4 | Reached skill level 10 in Dodging
 57086 | Vaults:4 | Reached skill level 14 in Fighting
 58072 | D:15     | Bought a scroll of acquirement for 936 gold pieces
 58072 | D:15     | Bought a scroll of fear for 63 gold pieces
 58072 | D:15     | Bought a scroll of teleportation for 54 gold pieces
 58072 | D:15     | Bought a scroll of enchant weapon for 135 gold pieces
 58263 | Elf:1    | Entered Level 1 of the Elven Halls
 58708 | Elf:1    | Found Pofu's Jewellery Shop.
 59090 | Elf:1    | Found Hoebb's Antique Armour Boutique.
 59094 | Elf:1    | Found Vairchaz's Armour Shoppe.
 59104 | Elf:1    | Found Qiurooniq's Distillery.
 59249 | Elf:1    | Bought a pair of runed gloves for 285 gold pieces
 60063 | Elf:2    | Found a runed gate.
 60063 | Elf:2    | Found a runed gate.
 60063 | Elf:2    | Found a runed gate.
 60073 | Elf:2    | Noticed Louise
 60083 | Elf:2    | Killed Louise
 60734 | Elf:2    | Found Efaimipn's Assorted Antiques.
 60873 | Elf:3    | Entered Level 3 of the Elven Halls
 60957 | Elf:3    | Reached skill level 15 in Fighting
 61522 | Elf:3    | Reached XP level 21. HP: 163/168 MP: 26/26
 61538 | Elf:3    | Reached skill level 10 in Throwing
 62221 | Elf:3    | Got a steaming sapphire amulet
 62226 | Elf:3    | Identified the amulet of Salvation {Reflect rF- Dex+3 SH+2} (You took it off a deep elf annihilator on level 3 of the Elven Halls)
 62329 | Elf:3    | Identified the +9 dagger of Hubris {venom, rC+ rN++ SInv} (You took it off a deep elf annihilator on level 3 of the Elven Halls)
 62388 | Elf:3    | Identified the Collected Works on Combat Magic
 62429 | Elf:3    | Identified the +5 dagger "Qomun" {flame, *Drain +Blink Int+3} (You found it on level 3 of the Elven Halls)
 62695 | Elf:1    | Bought an uncursed ring of resist corrosion for 240 gold pieces
 62899 | Depths:1 | Entered Level 1 of the Depths
 62974 | Depths:1 | Identified the Papyrus of Orientation
 63022 | Depths:1 | Learned a level 2 spell: Blink
 63026 | Depths:1 | Learned a level 3 spell: Lesser Beckoning
 63043 | Depths:1 | Found a gateway to Hell.
 63059 | Depths:1 | Found Noyxygg's Antique Weapon Boutique.
 63114 | Depths:1 | Noticed dvd's ghost (adept DEFE)
 63166 | Depths:1 | Killed dvd's ghost
 63415 | Depths:1 | Identified the Papyrus of Shape Shifting
 63489 | Depths:1 | Reached skill level 1 in Spellcasting
 63516 | Depths:1 | Reached skill level 1 in Summonings
 63538 | Depths:1 | Reached skill level 1 in Translocations
 63547 | Depths:1 | Identified the Collected Works on Envenoming
 63669 | Depths:1 | Identified Aviofac's Compendium of Stones
 63787 | Depths:1 | Found a one-way gate leading to the halls of Pandemonium.
 63970 | Depths:1 | Found Xiexzom's Book Shoppe.
 63973 | Depths:1 | Found a gateway to a ziggurat.
 64110 | Depths:1 | Found the +8 Wrath of Trog {antimagic, *Rage}
 64958 | Depths:2 | Reached skill level 5 in Spellcasting
 65003 | Depths:2 | Found a shattered altar of Ashenzari.
 65272 | Depths:2 | Reached skill level 1 in Hexes
 65388 | Depths:2 | Reached XP level 22. HP: 177/177 MP: 29/29
 65408 | Depths:2 | Reached skill level 1 in Charms
 65577 | Depths:2 | Reached skill level 1 in Transmutations
 67337 | Depths:3 | Reached skill level 1 in Air Magic
 67337 | Depths:3 | Reached skill level 1 in Earth Magic
 67747 | Depths:3 | Noticed Mennas
 67829 | Depths:3 | Killed Mennas
 68103 | Depths:3 | Reached skill level 16 in Fighting
 69503 | Depths:3 | Noticed a golden dragon
 69524 | Depths:3 | Killed a golden dragon
 69612 | Depths:3 | Identified the +0 ring mail "Oloiqoen" {rPois} (You took it off a rakshasa on level 3 of the Depths)
 69759 | Depths:3 | Identified the +9 flail "Neighod" {flame, rF+} (You took it off a vampire knight on level 3 of the Depths)
 69943 | Depths:3 | Reached XP level 23. HP: 185/185 MP: 32/32
 70253 | Depths:3 | Identified Sif Muna's Catalogue of Lucky Evil Rites
 70260 | Depths:3 | Learned a level 5 spell: Dispel Undead
 70767 | Depths:4 | Found a portal to a secret trove of treasure.
 71068 | Depths:4 | Found a one-way gate to the infinite horrors of the Abyss.
 71776 | Depths:4 | Found Itetik's Armour Shop.
 72043 | Depths:4 | Reached skill level 17 in Fighting
 72573 | Depths:4 | Noticed an ancient lich
 72585 | Depths:4 | Killed an ancient lich
 72986 | Depths:5 | Entered Level 5 of the Depths
 73199 | Depths:5 | Reached skill level 15 in Armour
 73274 | Depths:5 | Noticed a caustic shrike
 73274 | Depths:5 | Noticed a caustic shrike
 73274 | Depths:5 | Noticed a caustic shrike
 73274 | Depths:5 | Noticed a caustic shrike
 73276 | Depths:5 | Noticed a caustic shrike
 73297 | Depths:5 | Killed a caustic shrike
 73299 | Depths:5 | Killed a caustic shrike
 73306 | Depths:5 | Killed a caustic shrike
 73306 | Depths:5 | Reached skill level 18 in Fighting
 73315 | Depths:5 | Killed a caustic shrike
 73323 | Depths:5 | Killed a caustic shrike
 74054 | Depths:5 | Reached XP level 24. HP: 193/199 MP: 32/32
 74469 | Depths:5 | Found a gate to the Realm of Zot.
 75548 | Crypt:1  | Entered Level 1 of the Crypt
 75738 | Crypt:1  | Noticed Boris
 75738 | Crypt:1  | Noticed Xtahua
 75765 | Crypt:1  | Killed Xtahua
 75778 | Crypt:1  | Killed Boris
 75778 | Crypt:1  | Reached skill level 19 in Fighting
 76516 | Crypt:1  | Noticed Aizul
 76526 | Crypt:1  | Killed Aizul
 77697 | Crypt:3  | Entered Level 3 of the Crypt
 78006 | Crypt:3  | Found a staircase to the Tomb.
 78195 | Crypt:3  | Identified the +1 dagger of Suicidal Tendencies {pierce, rElec rF- Dex+6} (You found it on level 3 of the Crypt)
 78545 | Crypt:3  | Learned a level 3 spell: Confuse
 78549 | Crypt:3  | Learned a level 3 spell: Tukima's Dance
 78998 | Crypt:3  | Found an ancient bone altar of Kikubaaqudgha.
 78999 | Crypt:3  | Noticed an ancient lich
 79139 | Crypt:3  | Found the +3 salamander hide armour {+Rage rF++}
 79145 | Crypt:3  | Got a smoking emerald amulet
 79145 | Crypt:3  | Got a clouded wooden ring
 79159 | Crypt:3  | Identified the ring "Sianec" {rPois rC- rN+ Dex+2 Stlth+} (You found it on level 3 of the Crypt)
 79163 | Crypt:3  | Identified the amulet of Ruemer {+Inv rElec Regen+} (You found it on level 3 of the Crypt)
 79414 | Vaults:5 | Entered Level 5 of the Vaults
 79458 | Vaults:4 | Reached XP level 25. HP: 198/208 MP: 32/32
 79757 | Vaults:5 | Reached skill level 15 in Dodging
 80546 | Vaults:5 | Reached skill level 20 in Fighting
 81267 | Vaults:5 | Got a scorched amethyst amulet
 81281 | Vaults:5 | Identified the amulet "Vutiu" {Spirit rPois} (You found it on level 5 of the Vaults)
 81500 | Vaults:5 | Gained mutation: You are strongly in touch with the powers of death. [Mummy growth]
 81500 | Vaults:5 | Reached XP level 26. HP: 218/218 MP: 32/32
 81615 | Vaults:5 | Found the +2 ratskin cloak {+Rats rPois rN+ Str-1 Int-1 Dex+1}
 81622 | Vaults:5 | Got a silver rune of Zot
 81777 | Vaults:5 | Identified the +5 pair of boots "Peicwack" {Regen+} (You found it on level 5 of the Vaults)
 82240 | Elf:1    | Bought a heavily runed crystal plate armour for 3230 gold pieces
 82242 | Elf:1    | Identified the +8 crystal plate armour "Amita" {Regen+} (You bought it in a shop on level 1 of the Elven Halls)
 82652 | Depths:5 | @@@3 surse de regen
 82665 | Zot:1    | Entered Level 1 of the Realm of Zot
 82944 | Zot:1    | Reached skill level 5 in Translocations
 82944 | Zot:1    | Reached skill level 5 in Earth Magic
 82957 | Zot:1    | Noticed an orb of fire
 82989 | Zot:1    | Killed an orb of fire
 83602 | Zot:1    | Reached skill level 5 in Hexes
 83616 | Zot:1    | Reached skill level 5 in Charms
 85635 | Zot:4    | Reached skill level 21 in Fighting
 85635 | Zot:4    | Reached XP level 27. HP: 223/228 MP: 34/35
 86459 | Zot:5    | Entered Level 5 of the Realm of Zot
 86745 | Zot:5    | Reached skill level 22 in Fighting
 86800 | Zot:5    | Noticed an ancient lich
 86984 | Zot:5    | Killed an ancient lich
 87004 | Zot:5    | Noticed an ancient lich
 87044 | Zot:5    | Killed an ancient lich
 87223 | Zot:5    | Noticed poirepourri's ghost (veteran MiFi)
 87274 | Zot:5    | Noticed an ancient lich
 87295 | Zot:5    | Killed an ancient lich
 87297 | Zot:5    | Killed poirepourri's ghost
 87301 | Zot:5    | Noticed an ancient lich
 87312 | Zot:5    | Killed an ancient lich
 87454 | Zot:5    | Noticed an ancient lich
 87456 | Zot:5    | Noticed an orb of fire
 87516 | Zot:5    | Killed an ancient lich
 87517 | Zot:5    | Killed an orb of fire
 87618 | Zot:5    | Noticed an orb of fire
 87657 | Zot:5    | Killed an orb of fire
 87733 | Zot:5    | Noticed an ancient lich
 87738 | Zot:5    | Killed an ancient lich
 87800 | Zot:5    | Noticed an orb of fire
 87813 | Zot:5    | Killed an orb of fire
 87813 | Zot:5    | Reached skill level 23 in Fighting
 87930 | Zot:5    | @@@Era sa uit orbu:)
 87984 | Zot:5    | Got the Orb of Zot
 88275 | Depths:2 | Noticed Dast the pandemonium lord
 88690 | D:$      | Escaped with the Orb!

Skill      XL: |  1  2  3  4  5  6  7  8  9 10 11 12 13 14 15 16 17 18 19 20 21 22 23 24 25 26 27 |
---------------+----------------------------------------------------------------------------------+-----
Maces & Flails | 2 3 5 6 8 9 10 11 12 13 14 15 16 | 16.0
Dodging        | 1 2 3 4 5 7 8 9 10 11 12 14 15 16 17 | 17.0
Evocations     | 1 2 3 5 7 |  7.1
Armour         | 3 4 5 6 7 9 10 12 13 15 16 18 19 | 19.3
Shields        | 3 4 5 6 7 8 9 10 11 13 14 16 17 | 17.0
Fighting       | 4 5 6 7 9 10 11 12 13 15 16 18 19 20 21 23 | 23.1
Throwing       | 5 9 10 | 10.0
Spellcasting   | 5 6 8 |  8.0
Summonings     | 3 4 |  4.0
Translocations | 3 4 6 |  6.0
Hexes          | 1 4 5 |  5.1
Charms         | 4 5 |  5.0
Transmutations | 4 |  4.0
Air Magic      | 1 |  1.0
Earth Magic    | 4 6 |  6.0

Action                   |  1- 3 |  4- 6 |  7- 9 | 10-12 | 13-15 | 16-18 | 19-21 | 22-24 | 25-27 || total
-------------------------+-------+-------+-------+-------+-------+-------+-------+-------+-------++-------
Melee: Flail             |   110 |    29 |       |    63 |  1732 |  1874 |  1037 |       |       ||  4845
       Whip              |       |   130 |   383 |  1010 |       |       |       |       |       ||  1523
       Dagger            |       |       |    60 |     8 |       |       |       |       |       ||    68
       Spear             |       |       |       |    37 |       |       |       |       |       ||    37
       Falchion          |       |       |       |     2 |       |       |       |       |       ||     2
       Demon whip        |       |       |       |       |       |    22 |       |       |       ||    22
       Eveningstar       |       |       |       |       |       |       |  1027 |  2085 |  1542 ||  4654
 Fire: Hunting sling     |     2 |     5 |       |     2 |       |       |       |       |       ||     9
       Blowgun           |       |       |     2 |     7 |     4 |       |       |     3 |       ||    16
Throw: Javelin           |       |    10 |       |     1 |       |     9 |    32 |    15 |    47 ||   114
       Throwing net      |       |       |       |     2 |     2 |     7 |     1 |     4 |       ||    16
       Tomahawk          |       |       |       |       |    11 |       |       |       |       ||    11
 Cast: Blink             |       |       |       |       |       |       |     1 |     9 |     1 ||    11
       Summon Butterflie |       |       |       |       |       |       |     1 |       |       ||     1
       Song of Slaying   |       |       |       |       |       |       |       |     2 |     2 ||     4
       Passwall          |       |       |       |       |       |       |       |       |    12 ||    12
       Spectral Weapon   |       |       |       |       |       |       |       |       |     3 ||     3
       Lesser Beckoning  |       |       |       |       |       |       |       |       |     1 ||     1
Invok: Potion Petition   |       |       |     1 |     2 |     3 |     8 |     4 |     9 |    14 ||    41
       Call Merchant     |       |       |       |       |     1 |       |     1 |       |       ||     2
       Bribe Branch      |       |       |       |       |       |       |       |       |     1 ||     1
 Abil: Evoke Flight      |       |       |       |     1 |     3 |    21 |       |       |       ||    25
       Stop Flying       |       |       |       |     1 |     3 |     8 |       |       |       ||    12
       Evoke Invisibilit |       |       |       |       |       |    16 |       |       |    13 ||    29
Evoke: Wand              |       |     5 |    37 |    13 |    55 |    63 |    14 |    17 |    34 ||   238
       Box of beasts     |       |       |       |       |     1 |     1 |       |     5 |     1 ||     8
       Fan of gales      |       |       |       |       |       |     1 |     1 |       |       ||     2
       Lightning rod     |       |       |       |       |       |       |     2 |       |       ||     2
       Phantom mirror    |       |       |       |       |       |       |       |     4 |       ||     4
  Use: Scroll            |     5 |     2 |     8 |    10 |    15 |    12 |    18 |    19 |    14 ||   103
 Stab: Paralysed         |       |    11 |    19 |       |       |    14 |       |       |       ||    44
       Invisible         |       |       |       |     4 |       |    42 |     2 |       |    44 ||    92
       Held in net/web   |       |       |       |     3 |     2 |     7 |       |     1 |       ||    13
       Distracted        |       |       |       |       |    11 |     9 |    11 |    13 |    10 ||    54
       Petrified         |       |       |       |       |       |     3 |       |       |       ||     3
       Confused          |       |       |       |       |       |       |       |       |     2 ||     2
Armor: Scale mail        |    39 |    45 |     2 |       |       |     2 |       |       |       ||    88
       Chain mail        |       |       |   174 |   172 |       |       |       |       |       ||   346
       Plate armour      |       |       |       |   162 |   399 |   429 |   427 |   455 |   106 ||  1978
       Crystal plate arm |       |       |       |       |       |       |       |       |   412 ||   412
Dodge: Dodged            |    33 |    34 |    99 |   210 |   241 |   278 |   329 |   488 |   553 ||  2265
Block: Shield            |    60 |    77 |   218 |   491 |   972 |   758 |  1485 |  1857 |  1106 ||  7024
       Reflection        |       |       |       |       |    35 |   292 |   184 |    67 |     5 ||   583
       Large shield      |       |       |       |       |       |  1246 |   294 |       |       ||  1540

Table legend:
 A = Turns spent in this place as a percentage of turns spent in the entire game.
 B = Non-inter-level travel turns spent in this place as a percentage of non-inter-level travel turns spent in the entire game.
 C = Inter-level travel turns spent in this place as a percentage of turns spent in this place.
 D = Turns resting spent in this place as a percentage of non-inter-level travel turns spent in this place.
 E = Turns spent auto-exploring this place as a percentage of non-inter-level travel turns spent in this place.
 F = Non-inter-level travel turns spent in this place divided by the number of levels of this place that you've seen.
                   A       B       C       D       E      F
               +-------+-------+-------+-------+-------+----------------------
         Total | 100.0 | 100.0 |   7.7 |  23.5 |  23.2 | 1462.4
       Dungeon |  26.9 |  25.8 |  11.4 |  22.2 |  24.9 | 1407.1
        Temple |   0.2 |   0.2 |   9.1 |   0.0 |  66.4 | 140.0
          Lair |  10.2 |  10.1 |   9.2 |  21.4 |  40.1 | 1375.2
        Shoals |   7.7 |   7.9 |   5.0 |  33.3 |  12.1 | 1624.0
     Snake Pit |   8.2 |   8.5 |   4.2 |  22.7 |  27.0 | 1733.5
  Orcish Mines |   4.0 |   3.6 |  16.0 |  26.0 |  23.5 | 1494.0
   Elven Halls |   4.9 |   5.0 |   5.4 |  22.1 |  22.5 | 1377.3
        Vaults |  12.0 |  12.3 |   5.7 |  22.4 |  20.6 | 2010.6
         Crypt |   4.3 |   4.5 |   3.8 |  14.5 |  24.4 | 1216.0
        Depths |  14.5 |  14.7 |   6.4 |  35.2 |  11.2 | 2409.2
           Zot |   6.2 |   6.5 |   3.3 |   3.8 |  32.1 | 1062.8
        Bazaar |   0.1 |   0.1 |   0.0 |   0.0 |   0.0 | 107.0
        Bailey |   0.5 |   0.5 |   0.0 |   0.0 |   1.5 | 405.0
      Ice Cave |   0.3 |   0.3 |   0.0 |  53.1 |   0.0 | 275.0
               +-------+-------+-------+-------+-------+----------------------

Table legend:
 A = Kills in this place as a percentage of kills in entire the game.
 B = Kills by you in this place as a percentage of kills by you in the entire game.
 C = Kills by friends in this place as a percentage of kills by friends in the entire game.
 D = Other kills in this place as a percentage of other kills in the entire game.
 E = Experience gained in this place as a percentage of experience gained in the entire game.
 F = Experience gained in this place divided by the number of levels of this place that you have seen.
                   A       B       C       D       E      F
               +-------+-------+-------+-------+-------+----------------------
         Total | 100.0 | 100.0 | 100.0 | 100.0 | 100.0 | 30244.9
       Dungeon |  20.1 |  21.0 |   2.7 |   2.3 |   5.3 | 5958.5
          Lair |   4.8 |   4.9 |   0.0 |   3.4 |   2.3 | 6424.5
        Shoals |   7.0 |   6.6 |   5.4 |  17.0 |   5.9 | 24963.8
     Snake Pit |   7.7 |   7.8 |   5.4 |   5.7 |   7.6 | 32346.5
  Orcish Mines |   4.9 |   5.1 |   0.0 |   1.1 |   1.1 | 9644.5
   Elven Halls |   5.9 |   5.1 |   2.7 |  27.3 |   6.9 | 38806.3
        Vaults |  16.1 |  16.0 |   8.1 |  21.6 |  19.3 | 65422.0
         Crypt |   7.1 |   7.3 |   0.0 |   5.7 |   7.5 | 42281.0
        Depths |  18.0 |  18.2 |   8.1 |  15.9 |  22.7 | 76766.8
           Zot |   7.6 |   6.9 |  67.6 |   0.0 |  21.3 | 72178.8
        Bailey |   0.7 |   0.7 |   0.0 |   0.0 |   0.1 | 1383.0
      Ice Cave |   0.2 |   0.3 |   0.0 |   0.0 |   0.0 | 779.0
               +-------+-------+-------+-------+-------+----------------------

Vault maps used:
D:1:      lightli_arrival_windingriver
D:3:      first_ration, uniq_natasha, uniq_ijyb
D:4:      guppyfry_shop_venom
D:6:      minmay_diamond_boxcup, lemuel_coloured_pillars_altar, temple_pool_b,
          uniq_menkaure
D:7:      yredelemnul_altar_generic
D:8:      lair_entry_dummy, minmay_misc_feat_five, hangedman_ranch,
          serial_bayou_pond_d, jmf_multi_god_temple
D:9:      minmay_bloctagon, uniq_erolcha
D:10:     serial_park_tiny_1
D:12:     orc_0_dummy, portal_ice_cave_entry_imps
D:13:     erik_vaults_2, enter_bailey_2, nrook_mini_vaults,
          kennysheep_small_square, uniq_urug
D:14:     wad_woods_stonehenge, minmay_stone_trees_medium, serial_shops, shop
D:15:     gammafunk_enter_depths_forms, serial_shops, nicolae_shop_trees
Temple:   kilobyte_greek_temple
Lair:1:   uniq_grum, uniq_harold
Lair:3:   patterned_corridor, grunt_megastairs_5
Lair:4:   elwin_shoals_entry_rocks, guppyfry_snake_entry_garden,
          cheibrodos_lair_reptile_den
Lair:5:   nicolae_slime_entry_slimehenge, nicolae_quartered_pool_medium,
          kennysheep_snail_temple, serial_bayou_shore_a
Lair:6:   grunt_lair_end_beastmaster
Shoals:1: serial_shops, shop_fountains, uniq_frances
Shoals:2: nzn_motion_control, nicolae_alphabet_shops
Shoals:3: uniq_polyphemus
Shoals:4: shoals_end_hangedman, shoals_ilsuiw_ice, lemuel_centaur_altar
Snake:1:  grunt_ministairs_4, minmay_shop_grove, uniq_asterion
Snake:2:  nicolae_snake_squiggles, grunt_megastairs_2, uniq_roxanne,
          uniq_vashnia
Snake:3:  special_room, spider_trap, uniq_nikola
Snake:4:  grunt_snake_rune_serpentine_throne, uniq_bai_suzhen, uniq_mara
Orc:1:    serial_shops, shop, nicolae_shop_trees, shop, shop, shop, uniq_maurice
Orc:2:    st_orc_pillars
Elf:1:    elf_arrival_002, serial_shops, shop, nicolae_shop_waterfront, shop,
          shop, hangedman_elven_crosses_minicolossus
Elf:2:    serial_shops, shop, uniq_louise
Elf:3:    grunt_elf_hall_asides, grunt_megastairs_4
Vaults:1: nicolae_vaults_three_branches, vaults_room_semicircle,
          hangedman_vaults_corner_blocks, hangedman_vaults_stagger,
          hangedman_vaults_capsules, ontoclasm_vaults_loading_screen, v_misc_16,
          nicolae_vaults_circle_grid_a, vaults_mumra_minichess,
          nicolae_vaults_mini_display_case, uniq_saint_roka
Vaults:2: vaults_room_large_hall, v_misc_1, nicolae_vaults_angled_halls,
          nicolae_vaults_ring_of_whatevers, nicolae_vaults_what_the_h,
          vaults_dpeg_ring, vaults_mumra_hex, ontoclasm_vaults_ligature,
          serial_shops, bzr_firewalk
Vaults:3: v_misc_11, hangedman_vaults_stream, nicolae_vaults_ninety_degrees,
          hangedman_vaults_trim, ontoclasm_vaults_hangar,
          minmay_crypt_entry_necro_gods, nicolae_vaults_alarming,
          vaults_room_hangedman_quadrants, hangedman_vaults_slice, serial_ice_m,
          serial_shops, nicolae_shop_waterfront, uniq_jory
Vaults:4: vaults_mumra_hexcomb, nicolae_vaults_circle_grid_a,
          ontoclasm_vaults_ring_square, grunt_vaults_diagonal,
          hangedman_vaults_pinch, vaults_mumra_bighexcomb,
          vaults_standard_mumra_x, vaults_room_fours
Vaults:5: serial_shops
Crypt:1:  hex_tiny, st_stairs_9, minigarden_bobbens, grunt_crypt_arrival_split,
          uniq_aizul, uniq_boris, uniq_xtahua
Crypt:3:  cryptofortress_bobbens
Depths:1: enter_ziggurat_f, serial_shops, nicolae_shop_crystal, shop,
          hangedman_geh_valley, grunt_pan_entry_sceptre,
          serial_hangedman_research, hangedman_research_geology,
          hangedman_research_quantum, hangedman_research_toxicology,
          hangedman_research_metamorphosis, basic_loot_grate_trap,
          minmay_guarded_unrand_wrath_of_trog
Depths:2: onia_ninara_swampy_vault, evilmike_ruin_ashenzari, hell_entry,
          kennysheep_generic_room_3, minmay_staircase_statues
Depths:3: grunt_runaround, pan_entry, hell_entry, uniq_mennas
Depths:4: cheibrodos_cascadia, serial_shops, nicolae_shop_behind_doors,
          enter_trove_1, grunt_metal_band, abyss_entry, infiniplex_staircase_x
Depths:5: evilmike_zot_entry_round, hell_entry,
          hangedman_abyss_or_decor_lesser_grid
Zot:1:    grunt_ministairs_6
Zot:2:    kennysheep_ambush_hall
Zot:4:    hangedman_zot_decor_unnerving_road, hangedman_zot_wheel_spokes,
          basic_stair_grate_trap
Zot:5:    hangedman_zot_diagonal_lockstep, hangedman_zot_decor_checkerboard,
          bh_zot_ikea_curve
Bazaar:   bazaar_general_marketplace
Bailey:   bailey_axe_3, bailey
IceCv:    ice_cave_statue_garden_chambered
